 Dungeon Crawl Stone Soup version 0.31.0 (webtiles) character file.

Game seed: 17537817000663427970

3906 SnakkuSnakku7 the Cleaver (level 10, -1/60 (70) HPs)
             Began as a Formicid Cinder Acolyte on Jan 20, 2024.
             Was a Priest of Ignis.
             Slain by a wight
             ... wielding the +6 flail "Wigoxall" {elec, rC+}
              (19 damage)
             ... on level 8 of the Dungeon.
             The game lasted 00:09:14 (6717 turns).

SnakkuSnakku7 the Cleaver (Formicid Cinder Acolyte) Turns: 6717, Time: 00:09:15

HP:   -1/60 (70)    AC: 10    Str: 22    XL:     10   Next: 43%
MP:   11/11         EV: 13    Int: 15    God:    Ignis [***...]
Gold: 262           SH:  9    Dex:  9    Spells: 11/11 levels left

rFire   + . .        a - +3 battleaxe
rCold   . . .        E - +0 kite shield
rNeg    . . .        u - +3 scale mail {rPois}
rPois   +            (helmet unavailable)
rElec   .            (no cloak)
rCorr   .            l - +0 pair of gloves
SInv    +            (no boots)
Will    +....        (no amulet) Stlth
                     o - +5 ring of evasion
HPRegen 0.30/turn    (no ring)
MPRegen 0.12/turn

%: no passive effects
@: heavily drained
A: permanent stasis, dig shafts and tunnels, antennae 3, four strong arms
a: Dig, Shaft Self, Renounce Religion, Fiery Armour, Foxfire Swarm, Rising Flame


You were on level 8 of the Dungeon.
You worshipped Ignis.
Ignis was most pleased with you.
You visited 1 branch of the dungeon, and saw 8 of its levels.
You also visited: Sewer.

You collected 333 gold pieces.
You spent 71 gold pieces at shops.

Inventory:

Hand Weapons
 a - a +3 battleaxe (weapon)
 A - a -1 hand axe of flaming
 B - a -2 executioner's axe
Armour
 b - a +0 robe
 f - a +0 leather armour
 l - a +0 pair of gloves (worn)
 r - a +3 scale mail of positive energy
 u - a +3 scale mail of poison resistance (worn)
 E - a +0 kite shield (worn)
Jewellery
 o - a +5 ring of evasion (left hand)
 w - a ring of wizardry
Wands
 G - a wand of roots (2)
Scrolls
 g - a scroll of poison
 h - 2 scrolls of amnesia {unknown}
 i - 2 scrolls of revelation {unknown}
 j - a scroll of torment {unknown}
 q - 3 scrolls of fog
 x - 3 scrolls of teleportation {unknown}
 y - a scroll of silence {unknown}
 C - a scroll of brand weapon {unknown}
 H - a scroll of enchant armour {unknown}
 J - a scroll of immolation {unknown}
Potions
 c - 3 potions of degeneration
 d - 3 potions of attraction {unknown}
 e - a potion of magic
 k - 2 potions of lignification
 m - 5 potions of curing
 n - 2 potions of haste {unknown}
 p - 4 potions of heal wounds
 s - 2 potions of invisibility
 v - a potion of enlightenment
 z - a potion of mutation
 D - 2 potions of might
 I - a potion of brilliance {unknown}


   Skills:
 - Level 3.2 Fighting
 + Level 13.3 Axes
 + Level 7.9 Shields
 - Level 1.1 Spellcasting
 - Level 3.0 Fire Magic


You had 11 spell levels left.
You didn't know any spells.
Your spell library contained the following spells:

 Spells                   Type           Power      Damage    Failure   Level
 Scorch                   Fire           18%        2d5       52%         2
 Slow                     Hex            0%         N/A       80%         1
 Call Canine Familiar     Summ           0%         N/A       99%         3
 Confusing Touch          Hex            0%         N/A       99%         3
 Sigil of Binding         Hex            0%         N/A       99%         3
 Vampiric Draining        Necr           0%         2d6       99%         3
 Dimensional Bullseye     Hex/Tloc       0%         N/A       100%        4


Dungeon Overview and Level Annotations

Branches:
Dungeon (8/15)             Temple (0/1) D:7           Sewer (visited)
   Lair: D:8-11

Altars:
Elyvilon
Makhleb
Sif Muna

Shops:
D:2 :   D:4 !*

Annotations:
D:3 1 runed translucent door, Crazy Yiuf


Innate Abilities, Weirdness & Mutations

You cannot be hasted, slowed, berserked, paralysed or teleported.
You can dig through walls and to a lower floor.
You have a pair of large antennae on your head. (SInv)
Your four strong arms can wield two-handed weapons with a shield.


Message History

The gnoll misses you.
You slash the gnoll!
You kill the gnoll!
You slash the wight!
The wight is almost destroyed.
The wight hits you with a +0 flail.
You feel drained.
You hit the wight but do no damage.
The wight is almost destroyed.
The wight barely misses you.
You closely miss the wight.
The wight is almost destroyed.
You block the wight's attack.
The wight zaps a wand.
You easily resist.
You completely miss the wight.
The wight is severely damaged.
The wight completely misses you.
You hit the wight.
The wight is severely damaged.
The wight hits you with a +0 flail.
You feel drained.
You slash the wight!
You destroy the wight!
You slash the wight!
The wight is almost destroyed.
The wight hits you with a +5 battleaxe!
You feel drained.
You closely miss the wight.
The wight is almost destroyed.
The wight hits you with a +5 battleaxe!
You feel drained.
You are too injured to fight recklessly!
You are too injured to fight recklessly!
You are too injured to fight recklessly!
You slash the wight!
You destroy the wight!
A wight comes into view.
It is wielding the +6 flail "Wigoxall" {elec, rC+}.
You closely miss the wight. You block the wight's attack.
The wight hits you but does no damage.
You barely miss the wight. You block the wight's attack.
You closely miss the wight.
The wight hits you with the +6 flail "Wigoxall" {elec, rC+}.
* * * LOW HITPOINT WARNING * * *
You feel drained.
You are electrocuted!!
You die...

.....
......................
.....#
#.........#####...)...
......#######.....#
#.<..... #.......#
#.....# ####.##.
#:....g###.....# #.##.
#......'.......# #....
#......###.....######
#.###
...).....##z###.......#
#.#
.....z.....##@###......#
##### ...........####
#......# #...
...........#
#......####...
...........#
###.............
..........#
#............... {
#...............
#......###......
#.......))......
#......#...#....


You could see a wight.

Vanquished Creatures
  A two-headed ogre (D:8)
  Sigmund (D:2)
  A steam dragon (D:7)
  Menkaure (D:4)
  Edmund (D:5)
  2 water moccasins (D:5)
  An ice beast (D:6)
  2 ogres
  2 phantoms (D:5)
  A kobold brigand (D:6)
  3 bullfrogs
  2 gnoll sergeants
  3 scorpions
  11 wights
  An electric eel (D:8)
  4 howler monkeys
  A bombardier beetle (D:3)
  2 jellies
  A hound (D:7)
  3 gnoll boudas
  Terence (D:3)
  3 iguanas
  A sleepcap (D:4)
  Ijyb (D:3)
  2 orc wizards
  A hell rat (Sewer)
  Robin (D:3)
  9 adders
  19 gnolls
  3 river rats (Sewer)
  A shadow imp (D:6)
  3 white imps
  2 ufetubi (D:5)
  A dart slug (D:2)
  3 ribbon worms
  14 orcs
  8 ball pythons
  6 endoplasms
  4 giant cockroaches
  15 goblins
  6 hobgoblins
  12 jackals
  9 kobolds
  2 quokkas
  6 bats
  4 frilled lizards
  7 rats
188 creatures vanquished.

Vanquished Creatures (others)
  59 foxfires
59 creatures vanquished.

Grand Total: 247 creatures vanquished

Notes
Turn   | Place    | Note
-------+----------+-------------------------------------------
     0 | D:1      | SnakkuSnakku7 the Formicid Cinder Acolyte began the quest
                  | for the Orb.
     0 | D:1      | Reached XP level 1. HP: 18/18 MP: 2/2
   122 | D:1      | Reached XP level 2. HP: 9/24 MP: 3/3
   485 | D:1      | Reached skill level 4 in Axes
   485 | D:1      | Reached XP level 3. HP: 29/29 MP: 4/4
  1010 | D:2      | Noticed Sigmund
  1032 | D:2      | Killed Sigmund
  1033 | D:2      | Reached skill level 6 in Axes
  1033 | D:2      | Reached XP level 4. HP: 34/35 MP: 5/5
  1033 | D:2      | Reached XP level 5. HP: 40/41 MP: 6/6
  1033 | D:2      | Reached XP level 6. HP: 46/47 MP: 7/7
  1317 | D:2      | Found Kehocaxu's Book Shoppe.
  1696 | D:3      | Noticed Terence
  1707 | D:3      | Killed Terence
  1736 | D:3      | Found a faded altar of an unknown god.
  1809 | D:3      | Noticed Ijyb
  1884 | D:3      | Killed Ijyb
  1885 | D:3      | Reached skill level 7 in Axes
  2013 | D:3      | Noticed Robin
  2036 | D:3      | Killed Robin
  2052 | D:3      | Found a runed translucent door.
  2053 | D:3      | Noticed Crazy Yiuf
  2260 | D:3      | Reached XP level 7. HP: 41/51 MP: 8/8
  2491 | D:4      | Found a glowing drain.
  2495 | Sewer    | Entered a sewer
  2748 | D:4      | Found Xyxem's Lightly-Used Armoury.
  2814 | D:4      | Found Iguoxu Roism's Distillery.
  2815 | D:4      | Noticed Menkaure
  2820 | D:4      | Killed Menkaure
  2821 | D:4      | Reached skill level 8 in Axes
  2822 | D:4      | Bought a -2 executioner's axe for 1 gold piece
  2827 | D:4      | Bought a potion of heal wounds for 50 gold pieces
  2827 | D:4      | Bought 2 potions of degeneration for 20 gold pieces
  3227 | D:4      | Reached XP level 8. HP: 49/58 MP: 9/9
  3406 | D:5      | Entered Level 5 of the Dungeon
  3568 | D:5      | Reached skill level 9 in Axes
  3767 | D:5      | Reached skill level 10 in Axes
  4193 | D:6      | Noticed Edmund
  4582 | D:5      | Killed Edmund
  4583 | D:5      | Reached skill level 11 in Axes
  4583 | D:5      | Reached XP level 9. HP: 43/64 MP: 10/10
  5192 | D:7      | Reached skill level 1 in Shields
  5216 | D:6      | Reached skill level 12 in Axes
  5498 | D:7      | Found a white marble altar of Elyvilon.
  5922 | D:7      | Reached skill level 5 in Shields
  6035 | D:7      | Found a staircase to the Ecumenical Temple.
  6182 | D:8      | Reached XP level 10. HP: 68/70 MP: 11/11
  6240 | D:8      | Noticed a two-headed ogre
  6416 | D:8      | Killed a two-headed ogre
  6417 | D:8      | Reached skill level 13 in Axes
  6471 | D:8      | Found a shimmering blue altar of Sif Muna.
  6471 | D:8      | Found a burning altar of Makhleb.
  6714 | D:8      | Identified the +6 flail "Wigoxall" {elec, rC+}
  6717 | D:8      | Slain by a wight

Illustrated notes

Levels and vault maps discovered:
D:1:      nagdon_arrival_zigzag_paths, layout_basic
D:2:      layout_loops_ring, serial_shops, shop, kennysheep_flooded_box,
          uniq_sigmund
D:3:      layout_loops_cross, basic_ecumenical_altar, uniq_ijyb, uniq_terence,
          uniq_robin, uniq_crazy_yiuf_cottage
D:4:      layout_loops_cross, serial_shops, nicolae_diamond_shop,
          gup_sewer_entry_bowl, kennysheep_cross_room, minmay_shop_damaged,
          uniq_menkaure
D:5:      layout_loops_ring
D:6:      layout_rooms, uniq_edmund
D:7:      layout_cave_pools, elyvilon_altar_5, minmay_temple_entry_nine_rooms,
          serial_glass, glass_columns_b, glass_columns_b
D:8:      layout_basic, nicolae_overflow_squiral

Skill      XL: |  1  2  3  4  5  6  7  8  9 10 |
---------------+-------------------------------+-----
Axes           | 4 6 7 8 11 12 13 | 13.3
Shields        | 5 7 |  7.9
Fighting       | |  3.2
Spellcasting   | |  1.1
Fire Magic     | |  3.0

Action                     |  1- 3 |  4- 6 |  7- 9 | 10-12 || total
---------------------------+-------+-------+-------+-------++-------
  Melee: Hand axe          |    87 |   131 |    37 |       ||   255
         Punch             |     1 |     2 |       |       ||     3
         War axe           |       |       |   328 |       ||   328
         Battleaxe         |       |       |    20 |    61 ||    81
  Throw: Throwing net      |       |       |       |     1 ||     1
 Invoke: Foxfire Swarm     |     1 |     1 |     2 |       ||     4
Ability: Dig               |       |     1 |     5 |     2 ||     8
  Evoke: Wand              |       |       |     2 |     3 ||     5
    Use: Scroll            |       |       |     9 |       ||     9
         Potion            |       |       |     1 |       ||     1
   Stab: Held in net/web   |       |       |       |     1 ||     1
 Armour: Robe              |    19 |       |       |       ||    19
         Leather armour    |    44 |    44 |       |       ||    88
         Scale mail        |       |    40 |   248 |    32 ||   320
  Dodge: Dodged            |    67 |    63 |   290 |    23 ||   443
  Block: Kite shield       |       |       |    53 |    17 ||    70
